 Dungeon Crawl Stone Soup version 0.24-a0-312-g16217b4 (webtiles) character file.

Game seed: 3475794147404421419

245 MisterFreud the Changer (level 6, 0/38 HPs)
             Began as an Octopode Transmuter on May 15, 2019.
             Slain by a mummy (18 damage)
             ... in an ossuary.
             The game lasted 00:09:54 (4182 turns).

MisterFreud the Changer (Octopode Transmuter)       Turns: 4182, Time: 00:09:55

Health: 0/38       AC:  1    Str:  9    XL:     6   Next: 10%
Magic:  1/11       EV: 12    Int: 17    God:
Gold:   141        SH:  5    Dex: 13    Spells: 5/11 levels left

rFire    . . .     SeeInvis .     - Unarmed
rCold    . . .     Gourm    .   h - +1 buckler
rNeg     . . .     Faith    .   (helmet restricted)
rPois    .         Spirit   .   (no amulet)
rElec    .         Reflect  .   n - +1 ring of slaying
rCorr    .         Harm     .   (no ring)
MR       .....                  (no ring)
Stlth    ++........             (no ring)
HPRegen  0.12/turn              (no ring)
MPRegen  0.12/turn              (no ring)
                                (no ring)
                                (no ring)

@: very slightly contaminated, drained
A: almost no armour, stealthy swim, amphibious, 8 rings, constrict 8, camouflage
1, gelatinous body 1
a: no special abilities


You were in an ossuary.
You were very hungry.

You visited 1 branch of the dungeon, and saw 4 of its levels.
You also visited: Ossuary.

You collected 141 gold pieces.

Inventory:

Missiles
 a - 57 arrows
 d - 133 stones (quivered)
 o - 20 bolts
 p - 28 sling bullets
 u - a boomerang
Armour
 h - a +1 buckler (worn)
Jewellery
 f - an uncursed amulet of guardian spirit
 n - a +1 ring of slaying (left tentacle)
Scrolls
 e - 3 scrolls of remove curse
 g - a scroll of noise {unknown}
 i - 2 scrolls of identify
 j - 3 scrolls of enchant armour
 k - a scroll of immolation {unknown}
 l - a scroll of teleportation
 m - a scroll of blinking {unknown}
 q - a scroll of fear
Potions
 s - a potion of berserk rage
Comestibles
 c - 13 rations


   Skills:
 - Level 1.0(0.1) Fighting
 - Level 2.0(1.1) Dodging
 + Level 2.2(1.3) Shields
 - Level 3.0(2.0) Unarmed Combat
 + Level 3.3(2.4) Spellcasting
 * Level 4.7(3.7) Transmutations


You had 5 spell levels left.
You knew the following spells:

 Your Spells              Type           Power        Failure   Level  Hunger
a - Beastly Appendage     Tmut           ##....       5%          1    #......
b - Sticks to Snakes      Tmut           ##......     9%          2    ##.....
c - Spider Form           Tmut/Pois      #.........   36%         3    ###....

Your spell library contained the following spells:

 Spells                   Type           Power        Failure   Level  Hunger
 Ice Form                 Ice/Tmut       #.......     77%         4    #####..
 Blade Hands              Tmut           ##........   83%         5    ######.


Dungeon Overview and Level Annotations

Branches:
Dungeon (4/15)
 Temple: D:4-7

Altars:
The Shining One


Innate Abilities, Weirdness & Mutations

You cannot wear most types of armour.
You are very stealthy in the water. (Stealth+)
You are amphibious.
You can wear up to eight rings at the same time.
You can use your tentacles to constrict eight enemies at once.
Your skin changes colour to match your surroundings (Stealth+).
Your rubbery body absorbs attacks. (AC +1, EV +1)


Message History

You are very lightly contaminated with residual magic.
Nothing appears to happen.
Casting: Sticks to Snakes (safe; 9% risk of failure)
Confirm with . or Enter, or press ? or * to list all spells.
You miscast Sticks to Snakes.
Nothing appears to happen.
Casting: Sticks to Snakes (safe; 9% risk of failure)
Confirm with . or Enter, or press ? or * to list all spells.
You create a snake!
You now have 57 arrows.
You barely miss the mummy. You grab the mummy.
The mummy is moderately damaged.
You constrict the mummy.
Your adder bites the mummy.
The mummy hits you.
You tentacle-slap the mummy. You squeeze the mummy!
You destroy the mummy!
You tentacle-slap the mummy. Your grab misses the mummy.
The mummy is moderately damaged.
Your adder bites the mummy.
You tentacle-slap the mummy. Your grab misses the mummy.
The mummy is heavily damaged.
Your adder closely misses the mummy.
The mummy hits you!!
You die...

##..##..######..##..
##.^##..##.^.^##..##.
##..##..##..##.^##..##
##.^##.^##..####..##..#
##..##..##^.##.?##..##..
##..##..##..##M?ZM##..##.
##..##..##..## .!!.?##..##
##.^##..##..## M∩∩!..##^.#
##..##..##S@## ..?.^Z^##..
##..##..##.M## .?Z^.^..##.
##..##.^##.M##############''##
##..##..##....MM.MZZ.....MZ...#
##..##..########################
##.^##..^......^................^
#..##############################
.^......^...........^............
#################################


You could see 2 mummies and a friendly adder.

Vanquished Creatures
  An orc priest (D:3)
  An orc wizard (D:3)
  An iguana (D:4)
  2 mummies (Ossuary)
  An adder (D:3)
  An ooze (D:3)
  4 worms
  2 dart slugs (D:1)
  3 leopard geckos
  10 orcs (D:3)
  5 giant cockroaches
  10 goblins
  9 hobgoblins
  3 jackals (D:2)
  4 kobolds
  2 quokkas
  2 bats (D:1)
  5 frilled lizards
  6 gnoll skeletons (Ossuary)
  5 gnoll zombies (Ossuary)
  4 goblin skeletons (Ossuary)
  4 goblin zombies (Ossuary)
  2 hobgoblin skeletons (Ossuary)
  5 hobgoblin zombies (Ossuary)
  7 kobold skeletons (Ossuary)
  A kobold zombie (Ossuary)
  2 orc skeletons (Ossuary)
  4 orc zombies (Ossuary)
  12 rats
  2 rat skeletons (Ossuary)
  5 rat zombies (Ossuary)
125 creatures vanquished.

Vanquished Creatures (collateral kills)
  An orc skeleton (Ossuary)
1 creature vanquished.

Grand Total: 126 creatures vanquished

Notes
Turn   | Place    | Note
-------+----------+-------------------------------------------
     0 | D:1      | MisterFreud the Octopode Transmuter began the quest for the
                  | Orb.
     0 | D:1      | Reached XP level 1. HP: 13/13 MP: 3/3
   296 | D:1      | Reached XP level 2. HP: 17/18 MP: 3/5
   798 | D:1      | Reached skill level 3 in Transmutations
   809 | D:1      | Reached XP level 3. HP: 22/23 MP: 6/6
  1761 | D:2      | Reached XP level 4. HP: 24/28 MP: 7/7
  1876 | D:3      | Reached skill level 1 in Shields
  1888 | D:3      | Learned a level 2 spell: Sticks to Snakes
  1892 | D:3      | Learned a level 3 spell: Spider Form
  1988 | D:3      | Found a glowing golden altar of the Shining One.
  2131 | D:3      | Reached XP level 5. HP: 2/33 MP: 6/9
  2435 | D:3      | Reached skill level 4 in Transmutations
  3243 | D:4      | Found a sand-covered staircase.
  3248 | Ossuary  | Entered an ossuary
  4153 | Ossuary  | Reached XP level 6. HP: 19/38 MP: 8/11
  4182 | Ossuary  | Slain by a mummy

Levels and vault maps discovered:
D:1:      wander_arrival_chamber, layout_basic
D:2:      layout_rooms, first_ration
D:3:      layout_basic, old_standard_altar, dk_vineyard_2, solitary_fountain
D:4:      layout_gridville, kennysheep_little_box, enter_ossuary_2,
          uniq_menkaure, uniq_pikel
Ossuary:  ossuary_due_pyramid

Skill      XL: |  1  2  3  4  5 |
---------------+----------------+-----
Transmutations | 3 4 |  4.7
Shields        | 1 2 |  2.2
Spellcasting   | 3 |  3.3
Fighting       | |  1.0
Dodging        | |  2.0
Unarmed Combat | |  3.0

Action                   |  1- 3 |  4- 6 || total
-------------------------+-------+-------++-------
Melee: Unarmed           |    91 |   192 ||   283
       Constrict         |    26 |    65 ||    91
       Tentacles         |    16 |    38 ||    54
       Kick              |    10 |    37 ||    47
       Punch             |     3 |     5 ||     8
 Cast: Beastly Appendage |    10 |    16 ||    26
       Sticks to Snakes  |       |     9 ||     9
  Use: Scroll            |       |     7 ||     7
       Potion            |       |     1 ||     1
 Stab: Sleeping          |     9 |     2 ||    11
       Distracted        |       |     1 ||     1
  Eat: Chunk             |     3 |     4 ||     7
       Ration            |       |     1 ||     1
Armor: Skin              |     6 |     6 ||    12
Dodge: Dodged            |    31 |    56 ||    87
Block: Buckler           |     9 |    12 ||    21

Table legend:
 A = Non-vault XP
 B = Vault XP
 C = Vault XP percentage of total XP
 D = Non-vault monster count
 E = Vault monster count
 F = Vault count percentage of total count
                 A         B        C        D         E       F
            +---------+---------+-------+---------+---------+-------
      Total |     272 |      79 |  22.5 |      76 |      42 |  35.6
            +---------+---------+-------+---------+---------+-------
        D:1 |      50 |       0 |   0.0 |      27 |       0 |   0.0
        D:2 |      32 |       0 |   0.0 |      17 |       0 |   0.0
        D:3 |     154 |       0 |   0.0 |      31 |       0 |   0.0
        D:4 |      36 |       0 |   0.0 |       1 |       0 |   0.0
    Ossuary |       0 |      79 | 100.0 |       0 |      42 | 100.0
            +---------+---------+-------+---------+---------+-------
